AoeStats
← Tinchi88

Arabia

510145024Analyzed
2v2 RM · 2d ago on Sep 29, 2026· 48m 14s· 4 players
Game mode
Random Map
Map size
Medium (4 player)
Population
200
Speed
Normal
Resources
Standard
Victory
Conquest
Starting age
Dark Age
Ending age
Imperial Age
RankedLock teamsTeams togetherTeam positionsShared explorationLock speedFull tech treeHidden civsTurbo modeCheats
Victory
Defeat
🇦🇷 Wei · Argentina
1202
+15
🇪🇸 Italians · Spain
1185
+15
🇦🇪 Italians · United Arab Emirates
1178
-15
🇦🇪 Mongols · United Arab Emirates
1161
-15
Tinchi88
6:32 Loom
8:37 Feudal Age
10:51 Wheelbarrow
10:08 Double-Bit Axe
10:05 Horse Collar
19:09 Fletching
22:55 Castle Age
21:01 Padded Archer Armor
22:38 Scale Barding Armor
22:57 Forging
25:21 Thumb Ring
28:55 Bow Saw
28:41 Gold Mining
31:59 Hand Cart
33:42 Bodkin Arrow
34:10 Ballistics
34:20 Town Watch
35:56 Leather Archer Armor
36:12 Town Patrol
43:20 Imperial Age
ParaBellum
6:51 Loom
9:26 Feudal Age
17:30 Castle Age
17:46 Stone Mining
20:55 Forging
21:28 Scale Mail Armor
21:35 Scale Barding Armor
22:32 Husbandry
27:08 Fletching
28:40 Town Watch
30:08 Ballistics
31:01 Bodkin Arrow
33:18 Wheelbarrow
36:17 Padded Archer Armor
39:20 Imperial Age
36:48 Double-Bit Axe
38:14 Forging
37:49 Horse Collar
38:05 Gold Mining
42:34 Town Patrol
43:18 Conscription
44:22 Bow Saw
44:36 Scale Mail Armor
45:45 Iron Casting
45:34 Chain Mail Armor
ArtofEmpiresok [KnGG]
6:54 Loom
9:40 Feudal Age
11:14 Double-Bit Axe
16:12 Forging
21:39 Castle Age
20:25 Scale Barding Armor
20:38 Bloodlines
20:48 Gold Mining
20:43 Horse Collar
23:53 Iron Casting
28:12 Gold Shaft Mining
28:01 Fletching
28:11 Padded Archer Armor
29:55 Chain Barding Armor
31:38 Elite Skirmisher
34:14 Wheelbarrow
38:00 Imperial Age
36:27 Ballistics
38:16 Bow Saw
38:09 Heavy Plow
38:07 Bodkin Arrow
38:28 Leather Archer Armor
39:02 Hand Cart
38:14 Heavy Hei Guang Cavalry
38:55 Husbandry
40:09 Blast Furnace
39:13 Bracer
46:00 Chemistry
Sir.Uja
3:37 Loom
9:05 Feudal Age
9:36 Double-Bit Axe
17:32 Fletching
21:14 Castle Age
19:50 Padded Archer Armor
19:53 Horse Collar
21:01 Gold Mining
22:09 Bodkin Arrow
21:45 Crossbowman
23:12 Leather Archer Armor
28:37 Wheelbarrow
34:16 Imperial Age
33:03 Ballistics
34:12 Bow Saw
35:57 Chemistry
35:00 Bracer
35:32 Hand Cart
34:52 Arbalester
36:35 Ring Archer Armor
42:09 Forging
42:05 Scale Barding Armor
41:53 Light Cavalry
42:44 Bloodlines
42:56 Conscription
44:34 Iron Casting
44:49 Thumb Ring
45:59 Chain Barding Armor
45:50 Hussar
47:48 Blast Furnace
48:46 Plate Barding Armor
Connection lost

Rejoining the realm…

Still unreachable

The connection could not be restored.

Session expired

The server has moved on; the page needs a fresh start.